 Dungeon Crawl Stone Soup version 0.31-a0-925-g0a390f2509 (webtiles) character file.

Game seed: 9051984442668509159

1341 DocEon the Thaumaturge (level 8, -4/61 HPs)
             Began as a Deep Elf Conjurer on Oct 18, 2023.
             Was a Follower of Vehumet.
             Slain by a sky beast (6 damage)
             ... on level 6 of the Dungeon.
             The game lasted 00:06:30 (5685 turns).

DocEon the Thaumaturge (Deep Elf Conjurer)          Turns: 5685, Time: 00:06:30

Health: -4/61      AC:  2    Str:  4    XL:     8   Next: 35%
Magic:  1/23       EV: 12    Int: 26    God:    Vehumet [*.....]
Gold:   202        SH:  0    Dex: 13    Spells: 14/25 levels left

rFire   . . .        e - staff of conjuration
rCold   . . .        (no shield)
rNeg    . . .        a - +0 robe
rPois   .            (no helmet)
rElec   .            (no cloak)
rCorr   .            (no gloves)
SInv    .            (no boots)
Will    .....        (no amulet) Stlth
                     (no ring)
HPRegen 0.30/turn    (no ring)
MPRegen 0.18/turn

%: no passive effects
@: berserking, very quick
A: no striking features
a: Renounce Religion


You were on level 6 of the Dungeon.
You worshipped Vehumet.
Vehumet was aware of your devotion.
You visited 2 branches of the dungeon, and saw 7 of its levels.
You also visited: Ossuary.

You collected 262 gold pieces.
You spent 60 gold pieces at shops.

Inventory:

Armour
 a - a +0 robe (worn)
Magical Staves
 e - a staff of conjuration (weapon)
Jewellery
 o - a ring of positive energy
Wands
 t - a wand of charming (16)
 u - a wand of digging (6)
Scrolls
 b - a scroll of fear
 f - a scroll of immolation
 g - 2 scrolls of enchant weapon
 i - a scroll of amnesia
 m - 4 scrolls of teleportation
 q - 2 scrolls of fog
 r - a scroll of butterflies
 v - a scroll of poison
Potions
 c - a potion of resistance
 h - 4 potions of might
 j - 3 potions of invisibility {unknown}
 k - 4 potions of curing {unknown}
 l - a potion of haste {unknown}
 p - a potion of brilliance {unknown}
 s - a potion of magic


   Skills:
 - Level 2.4 Dodging
 - Level 2.4 Stealth
 * Level 9.4 Spellcasting
 + Level 6.9 Conjurations
 - Level 5.0 Hexes
 + Level 4.3 Translocations


You had 14 spell levels left.
You knew the following spells:

 Your Spells              Type           Power      Damage    Failure   Level
a - Magic Dart            Conj           100%       1d8       1%          1
b - Searing Ray           Conj           100%       2d8       1%          2
c - Fulminant Prism       Conj/Hex       30%        3d15      4%          4
d - Iskenderun's Mystic   Conj/Tloc      58%        2d12      4%          4

Your spell library contained the following spells:

 Spells                   Type           Power      Damage    Failure   Level
 Shock                    Conj/Air       100%       1d9       1%          1
 Jinxbite                 Hex            76%        N/A       1%          2
 Dazzling Flash           Conj/Hex       100%       N/A       1%          3
 Ensorcelled Hibernation  Hex/Ice        50%        N/A       2%          2
 Gell's Gravitas          Tloc           35%        N/A       2%          3
 Teleport Other           Tloc           35%        N/A       2%          3
 Passwall                 Tmut/Erth      10%        N/A       8%          2
 Sublimation of Blood     Necr           12%        N/A       8%          2
 Wereblood                Tmut           12%        N/A       8%          2
 Swiftness                Air            12%        N/A       14%         3
 Anguish                  Hex/Necr       12%        N/A       17%         4
 Dispersal                Tloc           17%        N/A       77%         6
 Summon Hydra             Summ           6%         N/A       100%        7


Dungeon Overview and Level Annotations

Branches:
Dungeon (6/15)             Temple (1/1) D:4         Ossuary (visited)

Altars:
Ashenzari
Cheibriados
Dithmenos
Elyvilon
Fedhas
Gozag
Hepliaklqana
Kikubaaqudgha
Makhleb
Nemelex Xobeh
Okawaru
Qazlal
Ru
Sif Muna
Trog
Uskayaw
Vehumet
Wu Jian
Xom
Yredelemnul
Zin
The Shining One

Shops:
D:2 [(!   D:3 (

Annotations:
D:5 1 runed translucent door, deremet's ghost, amateur AtWr


Message History

There is a strange disturbance nearby!
Casting: Iskenderun's Mystic Blast (dangerous; 4% risk of failure)
Confirm with . or Enter, or press ? or * to list all spells.
You don't have enough magic to cast this spell.
Casting: Iskenderun's Mystic Blast (dangerous; 4% risk of failure)
Confirm with . or Enter, or press ? or * to list all spells.
Aiming: Magic Dart (safe; 1% risk of failure)
Press: ? - help, Shift-Dir - straight line, f - you You feel a surge of power!
The magic dart hits something but does no damage.
Something hits you. Something shocks you.
Casting: Magic Dart (safe; 1% risk of failure)
Confirm with . or Enter, or press ? or * to list all spells.
Aiming: Magic Dart (safe; 1% risk of failure)
Press: ? - help, Shift-Dir - straight line, f - you You feel a surge of power!
The magic dart hits something.
Something hits you. Something shocks you.
Casting: Magic Dart (safe; 1% risk of failure)
Confirm with . or Enter, or press ? or * to list all spells.
Aiming: Magic Dart (safe; 1% risk of failure)
Press: ? - help, Shift-Dir - straight line, f - you You feel a surge of power!
The magic dart hits something.
Something hits you. Something shocks you. Something hits you.
Something shocks you.
* * * LOW HITPOINT WARNING * * *
Something hits you.
* * * LOW HITPOINT WARNING * * *
Something shocks you.
* * * LOW HITPOINT WARNING * * *
Things that are here:
a +0 hand axe; a boomerang; an orc corpse
Okay, then.
Casting: Magic Dart (safe; 1% risk of failure)
Confirm with . or Enter, or press ? or * to list all spells.
You don't have enough magic to cast this spell.
A red film seems to cover your vision as you go berserk!
You feel yourself moving faster!
You feel mighty! Something hits you.
* * * LOW HITPOINT WARNING * * *
Something shocks you.
You die...

......# #...# # #..#.#
#####.))####
..##.#..#.###...).......
........................
######.#####...........
#.# #####...#### #.#
#...# # #.# #...#
####.######@# #...#
#...........# ##.##
......######## #. .....
#. ...# .. ##


There were no monsters in sight!

Vanquished Creatures
  Eustachio (D:5)
  2 ogres (D:5)
  A phantom (D:4)
  5 wights (D:6)
  6 centaur zombies (Ossuary)
  4 hounds
  An orc priest (D:6)
  A jelly (D:5)
  3 iguanas
  5 mummies (Ossuary)
  8 adders
  4 worms
  A dart slug (D:5)
  12 orcs
  8 endoplasms
  6 giant cockroaches
  3 goblins
  5 hobgoblins
  6 jackals
  6 kobolds
  3 quokkas (D:1)
  9 ball pythons
  5 bats
  7 frilled lizards
  4 hobgoblin zombies (Ossuary)
  2 quokka zombies (D:4)
  9 rats
127 creatures vanquished.

Notes
Turn   | Place    | Note
-------+----------+-------------------------------------------
     0 | D:1      | DocEon the Deep Elf Conjurer began the quest for the Orb.
     0 | D:1      | Reached XP level 1. HP: 10/10 MP: 6/6
   243 | D:1      | Reached XP level 2. HP: 15/15 MP: 5/8
   365 | D:1      | Learned a level 2 spell: Searing Ray
   366 | D:1      | Reached skill level 4 in Spellcasting
   978 | D:2      | Found Joik's Armour Shop.
   978 | D:2      | Found Edinif's Antique Weapon Shoppe.
   999 | D:2      | Reached XP level 3. HP: 19/19 MP: 7/10
  1336 | D:2      | Reached skill level 5 in Conjurations
  1419 | D:2      | Found Yniymacw's Distillery.
  1424 | D:2      | Bought a potion of heal wounds for 60 gold pieces
  1446 | D:2      | Reached skill level 5 in Spellcasting
  1961 | D:3      | Reached XP level 4. HP: 24/24 MP: 10/13
  1966 | D:3      | Learned a level 4 spell: Fulminant Prism
  1971 | D:3      | Learned a level 4 spell: Iskenderun's Mystic Blast
  1997 | D:3      | Found a faded altar of an unknown god.
  2194 | D:3      | Reached skill level 1 in Hexes
  2265 | D:3      | Identified the +8 sling of the Wilderness {drain, rN+ rCorr
                  | Str+2}
  2320 | D:3      | Found Etuq's Weapon Shop.
  2436 | D:3      | Reached skill level 1 in Translocations
  2971 | D:3      | Found a bloodstained altar of Trog.
  2974 | D:3      | Found a sacrificial altar of Ru.
  2984 | D:3      | Reached XP level 5. HP: 12/28 MP: 5/15
  3158 | D:3      | Found a shimmering blue altar of Sif Muna.
  3159 | D:3      | Found an opulent altar of Gozag.
  3161 | D:3      | Found a snail-covered altar of Cheibriados.
  3162 | D:3      | Found a glowing golden altar of the Shining One.
  3164 | D:3      | Found a blossoming altar of Fedhas.
  3369 | D:4      | Reached skill level 6 in Spellcasting
  3617 | D:4      | Found a staircase to the Ecumenical Temple.
  3628 | Temple   | Entered the Ecumenical Temple
  3675 | D:4      | Noticed a phantom
  3682 | D:4      | Killed a phantom
  3683 | D:4      | Reached XP level 6. HP: 32/32 MP: 8/17
  3811 | D:4      | Found a radiant altar of Vehumet.
  3816 | D:4      | Became a worshipper of Vehumet
  3849 | D:4      | Found a sand-covered staircase.
  3858 | Ossuary  | Entered an ossuary
  3878 | Ossuary  | Reached skill level 7 in Spellcasting
  3997 | Ossuary  | Reached XP level 7. HP: 31/36 MP: 11/19
  4041 | Ossuary  | HP: 1/54 [mummy (17)]
  4443 | D:5      | Entered Level 5 of the Dungeon
  4553 | D:5      | Reached skill level 8 in Spellcasting
  4764 | D:5      | Noticed Eustachio
  4773 | D:5      | Killed Eustachio
  4773 | D:5      | Reached * piety under Vehumet
  4773 | D:5      | Offered knowledge of Shock by Vehumet.
  4971 | D:5      | Found a runed translucent door.
  4972 | D:5      | Noticed deremet's ghost (amateur AtWr)
  4979 | D:5      | Reached XP level 8. HP: 41/41 MP: 15/22
  5543 | D:6      | Reached skill level 9 in Spellcasting
  5546 | D:6      | Reached skill level 5 in Hexes
  5685 | D:6      | HP: 2/61 [something (5)]
  5685 | D:6      | Slain by a sky beast

Illustrated notes

Levels and vault maps discovered:
D:1:      lemuel_arrival_cross, layout_basic, chequers_serial_rivers_small_3
D:2:      layout_rooms, serial_shops, shop, nicolae_shop_hallway_stairs, shop
D:3:      layout_basic, minitemple, serial_shops,
          nicolae_shop_temple_entry_statues_fountains,
          shapermc_ecumenical_altar_gd, minmay_quadrilaterals
D:4:      layout_cave_pools, mainiacjoe_overflow_alcove_1,
          minmay_temple_entry_stoned_glass, enter_ossuary_4
D:5:      layout_basic, gammafunk_ghost_grave, uniq_eustachio
D:6:      layout_loops_cross
Temple:   nicolae_temple_great_sept

Skill      XL: |  1  2  3  4  5  6  7  8 |
---------------+-------------------------+-----
Spellcasting   | 4 5 6 7 8 9 |  9.4
Conjurations   | 5 6 |  6.9
Hexes          | 1 2 3 4 5 |  5.0
Translocations | 1 2 3 4 |  4.3
Dodging        | |  2.4
Stealth        | |  2.4

Action                     |  1- 3 |  4- 6 |  7- 9 || total
---------------------------+-------+-------+-------++-------
  Melee: Staff             |       |       |     6 ||     6
   Cast: Magic Dart        |    85 |   104 |    55 ||   244
         Searing Ray       |     1 |     5 |     6 ||    12
         Iskenderun's Myst |       |     5 |    10 ||    15
    Use: Scroll            |       |     9 |     2 ||    11
         Potion            |       |     1 |     4 ||     5
 Armour: Robe              |       |    37 |    25 ||    62
  Dodge: Dodged            |     4 |    29 |    24 ||    57

Table legend: (Time is in decaauts)
 A = Elapsed time spent in this place.
 B = Non-inter-level travel time spent in this place.
 C = Inter-level travel time spent in this place.
 D = Time resting spent in this place.
 E = Time spent auto-exploring this place.
 F = Levels seen in this place.
 G = Mean time per level.
                   A        B        C        D        E       F      G
               +--------+--------+--------+--------+--------+-----+--------+
         Total |   5691 |   5584 |    107 |   1022 |   3835 |   8 |  711.4 |
       Dungeon |   5317 |   5210 |    107 |    784 |   3782 |   6 |  886.2 |
        Temple |      1 |      1 |      0 |      0 |      0 |   1 |    1.0 |
       Ossuary |    371 |    371 |      0 |    238 |     53 |   1 |  371.0 |
               +--------+--------+--------+--------+--------+-----+--------+

Top non-repeatable levels by time:
     D:3: 1657 daAuts
     D:5: 1018 daAuts
     D:1: 978 daAuts
     D:2: 727 daAuts
     D:4: 712 daAuts
 Ossuary: 371 daAuts
     D:6: 222 daAuts
  Temple: 1 daAuts
